 Dungeon Sprint DCSS version 0.30.1-4-g462c640d31 (webtiles) character file.

Game seed: 16150919592082261701

10705 Heoruswealwe the Ninja (level 11, -9/55 HPs)
             Began as a Spriggan Artificer on Sept 5, 2023.
             Was an Initiate of Gozag.
             Mangled by a lorocyproca (27 damage)
             ... in the Dungeon (Sprint I: "Red Sonja").
             The game lasted 00:41:49 (1805 turns).

Heoruswealwe the Ninja (Spriggan Artificer)         Turns: 1805, Time: 00:41:50

Health: -9/55      AC: 15    Str:  8    XL:     11   Next: 39%
Magic:  1/21       EV:  0    Int: 16    God:    Gozag
Gold:   783        SH:  0    Dex: 21    Spells: 10/10 levels left

rFire   + + .        a - +3 quick blade (elec)
rCold   + . .        (no shield)
rNeg    . . .        e - +1 gold dragon scales of Dayfuj {Contam Harm rPois rF+ rC+ MP+9 Int+4}
rPois   +            g - +2 hat
rElec   .            (no cloak)
rCorr   .            (gloves unavailable)
SInv    +            (boots unavailable)
Will    +....        i - amulet of regeneration
Stlth   +++          k - ring of protection from fire
HPRegen 1.09/turn    (no ring)
MPRegen 0.17/turn

%: no teleportation, harm (+30% outgoing, +20% incoming)
@: studying Fighting, very quick
A: very small, no large weapons, unfitting armour, see invisible, speed 3, frail
1
a: Renounce Religion, Potion Petition, Call Merchant, Bribe Branch


You were in the Dungeon.
You worshipped Gozag.
Gozag was pleased with you.
You visited 1 branch You collected 4187 gold pieces.
You spent 3369 gold pieces at shops.
You donated 35 gold pieces to Zin.

Inventory:

Hand Weapons
 a - a +3 quick blade of electrocution (weapon)
Armour
 c - a +0 robe
 e - the +1 gold dragon scales of Dayfuj (worn) {Contam Harm rPois rF+ rC+ MP+9 Int+4}
   (You found it in the Dungeon)

   Int:       It affects your intelligence (+4).
   rF:        It protects you from fire.
   rC:        It protects you from cold.
   rPois:     It protects you from poison.
   MP:        It affects your magic capacity (+9).
   Contam:    It causes magical contamination when unequipped.
   Harm:      It increases damage dealt and taken.
 g - a +2 hat (worn)
Jewellery
 i - an amulet of regeneration (around neck)
 k - a ring of protection from fire (left hand)
Wands
 d - a wand of charming (11)
 o - a wand of flame (3)
Scrolls
 j - 10 scrolls of identify
 n - 2 scrolls of blinking
Potions
 f - 2 potions of curing
 h - a potion of haste
 l - 2 potions of cancellation
 m - a potion of might
 p - a potion of mutation
 q - a potion of flight


   Skills:
 + Level 9.3 Fighting
 + Level 11.1 Short Blades
 * Level 17.3 Dodging
 O Level 27 Stealth
 + Level 13.7 Evocations


You had 10 spell levels left.
You didn't know any spells.
Your spell library contained the following spells:

 Spells                   Type           Power      Damage    Failure   Level
 Summon Small Mammal      Summ           0%         N/A       100%        1
 Call Canine Familiar     Summ           0%         N/A       100%        3
 Summon Guardian Golem    Hex/Summ       0%         N/A       100%        3


Dungeon Overview and Level Annotations

Branches:
Dungeon (1/1)

Altars:
Cheibriados
Dithmenos
Elyvilon
Fedhas
Gozag
Hepliaklqana
Kikubaaqudgha
Makhleb
Nemelex Xobeh
Okawaru
Qazlal
Ru
Sif Muna
Trog
Uskayaw
Vehumet
Wu Jian
Xom
Yredelemnul
Zin
The Shining One
Jiyva
Lugonu

Shops:
D ((*(:?([![[[([=*=?[[!


Innate Abilities, Weirdness & Mutations

You are very small and have problems with some larger weapons.
You are too small for most types of armour.
You have supernaturally acute eyesight. (SInv)
You cover ground extremely quickly. (Speed+++)
You are frail. (-10% HP)


Message History

You hit the lorocyproca.
The lorocyproca is lightly wounded.
You closely miss the lorocyproca.
The lorocyproca is lightly wounded.
The lorocyproca hits you!
You feel your power leaking away.
You hit the lorocyproca but do no damage.
The lorocyproca is lightly wounded.
You closely miss the lorocyproca.
The lorocyproca is lightly wounded.
You miss the lorocyproca.
The lorocyproca is lightly wounded.
The lorocyproca hits you but does no damage.
You hit the lorocyproca.
The lorocyproca is lightly wounded.
You completely miss the lorocyproca.
The lorocyproca is lightly wounded.
You hit the lorocyproca but do no damage.
The lorocyproca is lightly wounded.
The lorocyproca hits you.
You feel your power leaking away.
You hit the lorocyproca but do no damage.
The lorocyproca is lightly wounded.
You hit the lorocyproca.
The lorocyproca is lightly wounded.
You hit the lorocyproca but do no damage.
The lorocyproca is lightly wounded.
You hit the lorocyproca.
The lorocyproca is lightly wounded.
The lorocyproca hits you!!
Ouch! That really hurt!
You closely miss the lorocyproca.
The lorocyproca is lightly wounded.
You barely miss the lorocyproca.
The lorocyproca is lightly wounded.
You hit the lorocyproca.
The lorocyproca is lightly wounded.
The lorocyproca hits you!!
You die...
Your body crumbles into a pile of gold.

#####################
..#__#..'..)#.)#..§.+ $
..'..'..#...##'#§#### $
#'#__####)..+..#§# ##
#.####(§#####..+§# #$###
#.#~~~§§#..##+####..$#y#
$$$
_.+~~§§§+..#...○@#..$### $
._#~§§.)#..#.°.○.2..$$$# $
#'##+#####'###..☼#.....# $
#.#....###.+.#○..###''## $
####'###.###.#°○## ##
.'.....'(∩##.#°.# $$
.###.#######§##°#$$ $ $
###.......##§##°#$$$$$$$$$
#.#........+.####$$$$$$$$$


You could see a lorocyproca (invisible).

Vanquished Creatures
  2 centaur warriors (D)
  Sonja (D)
  A deep troll (D)
  A lindwurm (D)
  An oklob plant (D)
  8 shining eyes (D)
  4 demonic crawlers (D)
  2 unseen horrors (D)
  2 kobold demonologists (D)
  A hornet (D)
  A slime creature (D)
  Sigmund (D)
  A yak (D)
  2 redbacks (D)
  6 floating eyes (D)
  An ogre (D)
  7 necrophages (D)
  6 jellies (D)
  Ijyb (D)
  A ballistomycete spore (D)
50 creatures vanquished.

Vanquished Creatures (collateral kills)
  A jelly (D)
1 creature vanquished.

Vanquished Creatures (others)
  A jelly (D)
  A ballistomycete spore (D)
2 creatures vanquished.

Grand Total: 53 creatures vanquished

Notes
Turn   | Place    | Note
-------+----------+-------------------------------------------
     0 | D        | Heoruswealwe the Spriggan Artificer began the quest for the
                  | Orb.
     0 | D        | Reached XP level 1. HP: 9/9 MP: 2/2
     1 | D        | Noticed Ijyb
     3 | D        | Killed Ijyb
     4 | D        | Reached skill level 9 in Stealth
     4 | D        | Reached XP level 2. HP: 14/14 MP: 3/3
    33 | D        | Noticed an ogre
    36 | D        | Killed an ogre
    37 | D        | Reached skill level 14 in Stealth
    37 | D        | Reached XP level 3. HP: 17/17 MP: 4/4
    37 | D        | Reached XP level 4. HP: 21/21 MP: 5/5
    46 | D        | Noticed Sigmund
    49 | D        | Killed Sigmund
    50 | D        | Reached skill level 18 in Stealth
    50 | D        | Reached XP level 5. HP: 25/25 MP: 6/6
    50 | D        | Reached XP level 6. HP: 29/29 MP: 7/7
    61 | D        | Found an ornate altar of the Wu Jian Council.
    61 | D        | Found a shimmering blue altar of Sif Muna.
    63 | D        | Found a radiant altar of Vehumet.
    68 | D        | Reached skill level 19 in Stealth
   100 | D        | Found Unio's Antique Weapon Emporium.
   100 | D        | Found an ancient bone altar of Kikubaaqudgha.
   100 | D        | Found a hazy altar of Hepliaklqana.
   100 | D        | Found a stormy altar of Qazlal.
   100 | D        | Found a hide-covered altar of Uskayaw.
   100 | D        | Found a blossoming altar of Fedhas.
   100 | D        | Found a bloodstained altar of Trog.
   100 | D        | Found an iron altar of Okawaru.
   100 | D        | Found a basalt altar of Yredelemnul.
   100 | D        | Found a glowing golden altar of the Shining One.
   100 | D        | Found a snail-covered altar of Cheibriados.
   100 | D        | Found a sacrificial altar of Ru.
   100 | D        | Found a glowing silver altar of Zin.
   100 | D        | Found a shadowy altar of Dithmenos.
   100 | D        | Found a white marble altar of Elyvilon.
   100 | D        | Noticed a yak
   101 | D        | Found an opulent altar of Gozag.
   102 | D        | Killed a yak
   103 | D        | Reached skill level 21 in Stealth
   103 | D        | Found a sparkling altar of Nemelex Xobeh.
   108 | D        | Became a worshipper of Zin the Law-Giver
   108 | D        | Reached * piety under Zin
   108 | D        | Reached ** piety under Zin
   108 | D        | Reached *** piety under Zin
   108 | D        | Reached **** piety under Zin
   108 | D        | Reached ***** piety under Zin
   108 | D        | Reached ****** piety under Zin
   117 | D        | Noticed Sonja
   120 | D        | Killed Sonja
   121 | D        | Reached skill level 25 in Stealth
   121 | D        | Reached XP level 7. HP: 32/32 MP: 8/8
   137 | D        | Found Bapuos's Weapon Boutique.
   148 | D        | Noticed a shining eye
   148 | D        | Noticed a shining eye
   148 | D        | Noticed a shining eye
   148 | D        | Noticed a shining eye
   148 | D        | Noticed a shining eye
   148 | D        | Noticed a shining eye
   151 | D        | Reached XP level 8. HP: 37/37 MP: 9/9
   151 | D        | Noticed a shining eye
   151 | D        | Noticed a shining eye
   157 | D        | Reached skill level 26 in Stealth
   160 | D        | Reached skill level 1 in Fighting
   160 | D        | Reached skill level 1 in Short Blades
   162 | D        | Killed a shining eye
   163 | D        | Reached skill level 5 in Dodging
   163 | D        | Reached skill level 5 in Evocations
   163 | D        | Killed a shining eye
   164 | D        | Reached XP level 9. HP: 44/44 MP: 10/10
   168 | D        | Killed a shining eye
   169 | D        | Reached skill level 5 in Short Blades
   169 | D        | Reached skill level 27 in Stealth
   174 | D        | Killed a shining eye
   177 | D        | Killed a shining eye
   178 | D        | Reached skill level 5 in Fighting
   218 | D        | Killed a shining eye
   219 | D        | Reached skill level 10 in Dodging
   247 | D        | Killed a shining eye
   248 | D        | Reached XP level 10. HP: 52/52 MP: 11/11
   285 | D        | Killed a shining eye
   286 | D        | Reached skill level 10 in Evocations
   299 | D        | Fell from the grace of Zin
   299 | D        | Became a worshipper of Gozag Ym Sagoz the Greedy
   307 | D        | Noticed a deep troll
   311 | D        | Killed a deep troll
   322 | D        | Found Keiwe's Armour Emporium.
   388 | D        | Identified the +1 leather armour of the Ant {Str-4 Dex+5}
   442 | D        | Found Rouriloe's Book Shop.
   442 | D        | Found Katzoc's General Store.
   442 | D        | Found Kollewod's Magic Scroll Boutique.
   443 | D        | Found Roaps's Antique Weapon Shoppe.
   484 | D        | Bought a +2 hat for 176 gold pieces
   495 | D        | Noticed a centaur warrior
   496 | D        | Noticed a centaur warrior
   499 | D        | Killed a centaur warrior
   501 | D        | Killed a centaur warrior
   541 | D        | Noticed an oklob plant
   543 | D        | Killed an oklob plant
   660 | D        | Reached skill level 15 in Dodging
   691 | D        | Reached XP level 11. HP: 58/58 MP: 12/12
   878 | D        | Reached skill level 10 in Short Blades
   931 | D        | Found Itoex's Antique Armour Shoppe.
   933 | D        | Found Plog's Antique Weapon Shop.
   933 | D        | Found Odaomi's Distillery.
   935 | D        | Found Nijunyre's Magic Scroll Boutique.
   935 | D        | Found Syhuckeh's Antique Armour Emporium.
   936 | D        | Found Nibad's Distillery.
   976 | D        | Identified the +8 spear of Vangyth {drain, Str+5}
   981 | D        | Identified the +1 gold dragon scales of Dayfuj {Contam Harm
                  | rPois rF+ rC+ MP+9 Int+4}
  1075 | D        | Found Lidaafov's Jewellery Boutique.
  1075 | D        | Found Calunic's Assorted Antiques.
  1075 | D        | Found Nadgh's Jewellery Shop.
  1075 | D        | Found Fuf Upahe's Antique Armour Emporium.
  1075 | D        | Found Eskekil's Antique Weapon Boutique.
  1075 | D        | Found Qeleosi's Armour Shoppe.
  1075 | D        | Found Rualel's Armour Shop.
  1078 | D        | Bought a scroll of acquirement for 572 gold pieces
  1078 | D        | Bought a scroll of acquirement for 572 gold pieces
  1079 | D        | Found Catit Catupt's Armour Emporium.
  1081 | D        | Bought a scroll labelled KAASEM YGUALL for 22 gold pieces
  1081 | D        | Bought a scroll labelled KAASEM YGUALL for 22 gold pieces
  1084 | D        | Bought a runed rapier for 126 gold pieces
  1096 | D        | Acquired a +2 quick blade of electrocution
  1098 | D        | Acquired a manual of Fighting
  1117 | D        | Bought a scroll of identify for 22 gold pieces
  1117 | D        | Bought a scroll of identify for 22 gold pieces
  1117 | D        | Bought a scroll of identify for 22 gold pieces
  1117 | D        | Bought a scroll of identify for 22 gold pieces
  1117 | D        | Bought a scroll of enchant weapon for 82 gold pieces
  1192 | D        | Bought a scroll of identify for 24 gold pieces
  1192 | D        | Bought a potion of cancellation for 96 gold pieces
  1192 | D        | Bought a scroll of identify for 24 gold pieces
  1192 | D        | Bought a ring of protection from fire for 300 gold pieces
  1192 | D        | Bought a scroll of fog for 48 gold pieces
  1199 | D        | Bought a scroll of identify for 26 gold pieces
  1199 | D        | Bought a scroll of identify for 26 gold pieces
  1199 | D        | Bought a scroll of identify for 26 gold pieces
  1199 | D        | Bought a scroll of identify for 26 gold pieces
  1199 | D        | Bought 3 scrolls of vulnerability for 156 gold pieces
  1199 | D        | Bought a scroll of poison for 52 gold pieces
  1252 | D        | Bought a potion of attraction for 39 gold pieces
  1252 | D        | Bought a potion of mutation for 104 gold pieces
  1252 | D        | Bought a potion of heal wounds for 65 gold pieces
  1252 | D        | Bought a potion of curing for 39 gold pieces
  1252 | D        | Bought a potion of flight for 39 gold pieces
  1252 | D        | Bought a potion of invisibility for 104 gold pieces
  1252 | D        | Bought a potion of cancellation for 104 gold pieces
  1252 | D        | Bought a potion of curing for 39 gold pieces
  1289 | D        | Found a burning altar of Makhleb.
  1289 | D        | Found a viscous altar of Jiyva.
  1289 | D        | Found a shimmering altar of Xom.
  1289 | D        | Found a corrupted altar of Lugonu.
  1364 | D        | Bought a potion of ambrosia for 104 gold pieces
  1365 | D        | Bought a scroll of blinking for 82 gold pieces
  1365 | D        | Bought a scroll of torment for 104 gold pieces
  1365 | D        | Bought a scroll of blinking for 82 gold pieces
  1515 | D        | Noticed a lorocyproca
  1529 | D        | Noticed a lindwurm
  1539 | D        | Killed a lindwurm
  1560 | D        | Gained mutation: You are frail. (-10% HP) [mutagenic glow]
  1805 | D        | Mangled by a lorocyproca

Illustrated notes

Levels and vault maps discovered:
D:        dungeon_sprint_1 [red_sonja_temple_1, red_sonja_temple_small_1]

Skill      XL: |  1  2  3  4  5  6  7  8  9 10 11 |
---------------+----------------------------------+-----
Stealth        | 9 14 18 25 26 27 | 27.0
Fighting       | 3 5 7 9 |  9.3
Short Blades   | 4 7 9 11 | 11.1
Dodging        | 6 11 15 17 | 17.3
Evocations     | 6 9 12 13 | 13.7

Action                     |  1- 3 |  4- 6 |  7- 9 | 10-12 || total
---------------------------+-------+-------+-------+-------++-------
  Melee: Dagger            |     1 |     3 |    75 |   332 ||   411
         Punch             |       |       |       |    13 ||    13
         Quick blade       |       |       |       |    36 ||    36
  Evoke: Wand              |     3 |     3 |       |    31 ||    37
    Use: Scroll            |       |       |       |     8 ||     8
         Potion            |       |       |       |     7 ||     7
   Stab: Sleeping          |     1 |     3 |     9 |    18 ||    31
         Distracted        |       |       |       |     1 ||     1
 Armour: Gold dragon scale |       |       |       |     3 ||     3
         Robe              |       |       |       |     1 ||     1
  Dodge: Dodged            |       |     2 |       |   121 ||   123
